[Event "*** SCC Grand Prix: Titled Tuesday Blitz"]
[Site "Chess.com"]
[Date "2020.09.29"]
[Round "9"]
[White "WinstonSilvakov"]
[Black "ural58"]
[Result "0-1"]
[WhiteElo "2141"]
[BlackElo "2343"]
[TimeControl "180+1"]
[EndTime "11:44:40 PDT"]
[Termination "ural58 won by checkmate"]

1. d4 d5 2. e3 Nf6 3. Bd3 g6 4. h4 Nc6 5. f4 Bg4 6. Nf3 Qd7 7. c3 O-O-O 8. Qc2 e6 9. Nbd2 Bf5 10. b3 Ne4 11. Bxe4 dxe4 12. Ng5 f6 13. Ngxe4 e5 14.
fxe5 fxe5 15. Qd3 exd4 16. cxd4 Re8 17. O-O Bb4 18. Rxf5 Qxf5 19. Qf1 Qxf1+ 20. Kxf1 Rhf8+ 21. Ke2 Bxd2 22. Nxd2 Nxd4+ 23. Kd3 Nf5 24. Nf3 Rd8+ 25. Ke2 Rfe8 26. Bd2 Ng3+ 27. Kf2 Ne4+ 28. Ke2 Nxd2 29. Nxd2 Rd5 30. Rf1 Rde5 31. Rf3 a5 32. e4 b6 33. Kd3 Rd8+ 34. Ke3 Rc5 35. Rf2 Rc3+ 36. Ke2 Rc2 37.
Ke3 c5 38. Nc4 Rxf2 39. Kxf2 b5 40. Nb6+ Kb7 41. Nd5 Kc6 42. Ke3 Rxd5 43. exd5+ Kxd5 44. Kf4 c4 45. bxc4+ bxc4 46. g4 Kd4 47. Kg5 c3 48. Kh6 c2 49. Kxh7 c1=Q 50. Kxg6 Qb1+ 51. Kh6 Qxa2 52. g5 Ke5 53. h5 Qd2 54. Kg6 Qd6+ 55. Kg7 Kf5 56. g6 Qf6+ 57. Kh7 Kg5 58. Kg8 Kxh5 59. g7 Kg6 60. Kh8 Qxg7# 0-1

[Event "*** SCC Grand Prix: Titled Tuesday Blitz"]
[Site "Chess.com"]
[Date "2020.09.29"]
[Round "9"]
[White "SHIVACalypso"]
[Black "Piotrek1979"]
[Result "1-0"]
[WhiteElo "2366"]
[BlackElo "2447"]
[TimeControl "180+1"]
[EndTime "11:44:41 PDT"]
[Termination "SHIVACalypso won on time"]

1. Nf3 c5 2. c4 Nc6 3. g3 g6 4.
Bg2 Bg7 5. O-O d6 6. Nc3 Nf6 7.
Ne1 O-O 8. Nc2 Bd7 9. Ne3 Rb8 10. d3 a6 11. a4 e6 12. Bd2 Nd4 13. a5 Bc6 14. Ra3 Bxg2 15. Nxg2 d5 16. Na4 Nd7 17. Ne3 dxc4 18. Nxc4 Qc7 19. b4 Rfd8 20. bxc5 Nxc5 21. Nxc5 Qxc5 22. Be3 Qc6 23. Bxd4 Bxd4 24. Qa4 Qd5 25. Rb3 Qh5 26. e3 Bf6 27. d4 Qh3 28. Rfb1 Qf5 29. Rxb7 Qxb1+ 30. Rxb1 Rxb1+ 31. Kg2 Rb5 32. Na3 Rbd5 33.
Nc2 Be7 34. Qc6 R5d6 35. Qc4 Ra8 36. Nb4 Rdd8 37. Nd3 Rdc8 38. Nc5 Bxc5 39. dxc5 Rc6 40. h4 Rac8 41. Qb4 h5 42. Qb7 R8c7 43. Qb8+ Kg7 44. Qb2+ Kh7 45. Qf6 Rxc5 46. f3 Rf5 47. Qd4 Rc2+ 48.
Kh3 Rxf3 49. Qe4 Rff2 50. g4 1-0

[Event "*** SCC Grand Prix: Titled Tuesday Blitz"]
[Site "Chess.com"]
[Date "2020.09.29"]
[Round "9"]
[White "norwaytoadog"]
[Black "Gerodot71"]
[Result "0-1"]
[WhiteElo "2328"]
[BlackElo "2457"]
[TimeControl "180+1"]
[EndTime "11:44:41 PDT"]
[Termination "Gerodot71 won on time"]

1. e4 e5 2. Nf3 Nc6 3. Bb5 a6 4.
Ba4 Nf6 5. O-O Be7 6. Re1 b5 7. Bb3 d6 8. c3 O-O 9. h3 Nb8 10.
d4 Nbd7 11. Nbd2 Bb7 12. Bc2 Re8 13. Nf1 Bf8 14. Ng3 g6 15. a4 Nb6 16. a5 Nbd7 17.
d5 c6 18. dxc6 Bxc6 19. b4 d5 20. Bb3 dxe4 21. Ng5 Re7 22. N5xe4 Nxe4 23. Rxe4 Bxe4 24. Nxe4 h6 25. Ra2 Bg7 26. Rd2 Qc7 27. Rd6 Kh7 28. Qg4 Nf8 29. Be3 f5 30. Qh4 fxe4 31. Bc5 Rd7 32.
Rf6 Bxf6 33. Qxf6 Qd8 34. Qxe5 Rd1+ 35. Kh2 Rc8 36. Bd4 Qc7 37. Bxd1 Qxe5+ 38. Bxe5 Ne6 39.
Be2 g5 40. Kg3 Kg6 41. Bg4 Re8 42. Bd6 h5 43. Be2 Kf5 44. c4 bxc4 45. Bxc4 Rd8 46. Be7 Ra8 47. Bd6 Nf4 0-1

[Event "*** SCC Grand Prix: Titled Tuesday Blitz"]
[Site "Chess.com"]
[Date "2020.09.29"]
[Round "9"]
[White "Grineva_Marianna"]
[Black "Ural_bogatyr"]
[Result "0-1"]
[WhiteElo "2249"]
[BlackElo "2369"]
[TimeControl "180+1"]
[EndTime "11:44:41 PDT"]
[Termination "Ural_bogatyr won by resignation"]

1. e4 e5 2. Nf3 Nc6 3. Bb5 Bc5 4. O-O Nf6 5. Qe2 d6 6. h3 O-O 7. c3 Bb6 8. d3 Ne7 9. Be3 c6 10. Ba4 Bc7 11. Nbd2 d5 12. Rad1 Ng6 13. Rfe1 Nh5 14. exd5 cxd5 15. Bc5 Nhf4 16. Qf1 Bd6 17. Bxd6 Qxd6 18.
c4 Be6 19. cxd5 Bxd5 20. Ne4 Qb4 21. Bb3 Bxb3 22. axb3 Qxb3 23. g3 Nd5 24. Nc5 Qb5 25. d4 Qxf1+ 26. Kxf1 exd4 27. Rxd4 Nf6 28. Nxb7 Rab8 29.
Rb4 a5 30. Rb5 Rfc8 31. Nd6 Rxb5 32. Nxb5 Rb8 33. Nfd4 h6 34. Ra1 Ra8 35. Ra4 Nd5 36. Nc6 Nge7 37. Rxa5 Rc8 38. Nxe7+ Nxe7 39. Nc3 Rb8 40.
Rb5 Rc8 41. Ke2 Kf8 42. Rb7 Nc6 43. Kd3 Ne5+ 44. Ke4 Nc4 45. Nd5 Nd6+ 46. Kd4 Nxb7 47. b4 Nd6 48. Nc3 Rc4+ 49. Kd5 Rxc3 50. Kxd6 Rb3 51. Kc5 Ke7 52. b5 Kd7 53. Kb6 Kc8 54. Ka6 Kc7 55. Ka5 Rf3 56. b6+ Kb7 0-1

[Event "*** SCC Grand Prix: Titled Tuesday Blitz"]
[Site "Chess.com"]
[Date "2020.09.29"]
[Round "9"]
[White "Pultis"]
[Black "Zhigalko_Sergei"]
[Result "1-0"]
[WhiteElo "2781"]
[BlackElo "2945"]
[TimeControl "180+1"]
[EndTime "11:44:42 PDT"]
[Termination "Pultis won on time"]

1. Nf3 d5 2. e3 Nf6 3. c4 e6 4. b3 b6 5. Bb2 Bb7 6. Nc3 Bd6 7. cxd5 exd5 8. Rc1 a6 9. d4 O-O 10.
g3 Nbd7 11. Bg2 Re8 12. O-O c6 13. Qc2 Rc8 14. Rfd1 Nf8 15. Qb1 Ne6 16. Qa1 a5 17. Ne5 Ba6 18. e4 Bb7 19. f4 Bb4 20. exd5 cxd5 21.
Ne2 Ne4 22. Bxe4 dxe4 23. d5 Rxc1 24. Nxc1 Bxd5 25. Ne2 Bc5+ 26. Kf1 Qa8 27. Ng4 Bf8 28. f5 Ng5 29. Nf4 Bc6 30. Ne3 Bb5+ 31. Kf2 Bd3 32. Nh5 f6 33. Bxf6 gxf6 34. Nxf6+ Kf7 35. Nxe8 Qxe8 36.
Rc1 Bc5 37. Rxc5 bxc5 38. Ng4 Ke7 39. Qf6+ Kd7 40. Qxg5 Kc7 41. Qf4+ Kb7 42. f6 Qf7 43. Ne5 Qh5 44. g4 e3+ 45. Kxe3 Qh3+ 46. Qf3+ Qxf3+ 47. Kxf3 Bg6 48. Nxg6 hxg6 49. f7 1-0

[Event "*** SCC Grand Prix: Titled Tuesday Blitz"]
[Site "Chess.com"]
[Date "2020.09.29"]
[Round "9"]
[White "ChessSkool"]
[Black "GMKrikor"]
[Result "0-1"]
[WhiteElo "2692"]
[BlackElo "2805"]
[TimeControl "180+1"]
[EndTime "11:44:42 PDT"]
[Termination "GMKrikor won on time"]

1. c4 e5 2. g3 Nf6 3. Bg2 d5 4. cxd5 Nxd5 5. Nf3 Nc6 6. O-O Nb6 7. b3 Bd6 8. Bb2 O-O 9. Na3 Qe7 10. Nc2 f5 11. d4 e4 12. Nd2 Be6 13. Ne3 Nd5 14.
Ndc4 Rad8 15. Rc1 Nxe3 16. Nxe3 Be5 17. Nc2 Bf6 18. e3 Qf7 19. Ba3 Rfe8 20. Qe2 Bd5 21. h4 g6 22. Bc5 a6 23. Nb4 Nxb4 24. Bxb4 c6 25. Ba5 Rd7 26. Rfd1 h6 27. Bh3 Be7 28. Qd2 Kg7 29. Bf1 g5 30. hxg5 hxg5 31. Be2 Rh8 32. Kg2 f4 33. gxf4 gxf4 34. Rg1 f3+ 35. Kf1+ Kf8 36.
Bc4 Rd6 37. Bxd5 Rxd5 38. Bb4 Rg8 39. Bxe7+ Kxe7 40. Qb4+ Ke6 41. Rh1 Qg7 42. Ke1 Rgd8 43. Kd2 Rxd4+ 44. exd4 Rxd4+ 45. Kc3 Rxb4+ 46. Kxb4 Qd4+ 47. Rc4 a5+ 48. Ka3 Qd6+ 49. Kb2 Qd2+ 50. Rc2 Qd4+ 51. Kc1 Qa1+ 52. Kd2 Qxh1 0-1

[Event "*** SCC Grand Prix: Titled Tuesday Blitz"]
[Site "Chess.com"]
[Date "2020.09.29"]
[Round "9"]
[White "francyIM"]
[Black "Artem_Sadovsky"]
[Result "1-0"]
[WhiteElo "2752"]
[BlackElo "2524"]
[TimeControl "180+1"]
[EndTime "11:44:42 PDT"]
[Termination "francyIM won on time"]

1. d4 g6 2. Nf3 Bg7 3. g3 d6 4.
Bg2 e5 5. O-O e4 6. Nfd2 f5 7.
Nb3 Nf6 8. f3 O-O 9. Nc3 d5 10.
Bf4 c6 11. fxe4 fxe4 12. e3 Bg4 13. Qd2 Qd7 14. Be5 Na6 15. Rf2 Bh3 16. Raf1 Bxg2 17. Kxg2 Ng4 18. Rxf8+ Rxf8 19. Bxg7 Rxf1 20. Kxf1 Qf5+ 21.
Kg1 Kxg7 22. Nd1 Qf3 23. Qe1 Nb4 24. Nd2 Qf5 25. c3 Nd3 26. Qe2 h5 27. c4 h4 28.
h3 Nf6 29. g4 Qe6 30. cxd5 cxd5 31. Nf2 Qd6 32. Nf1 g5 33. Nxd3 exd3 34. Qxd3 Ne4 35. Qb5 b6 36. Qe2 Qc7 37. Kg2 Qc1 38. a3 b5 39. Kg1 a6 40. a4 bxa4 41. Qxa6 Qxb2 42.
Qa7+ Kf6 43. Qa6+ Ke7 44. Qa7+ Kd6 45. Qa6+ Ke7 46. Qa7+ Ke6 47. Qa6+ Nd6 48. Qxa4 Qe2 49. Qa8 Qf3 50. Qg8+ Nf7 51. Qg6+ Ke7 52. Qf5 Qxf5 53. gxf5 Kf6 54. Kf2 Nd6 55. Kf3 Kxf5 56. Nd2 Kf6 57. Kg4 Kg6 58. Nf3 Nc4 59. Ne5+ Nxe5+ 60. dxe5 1-0

[Event "*** SCC Grand Prix: Titled Tuesday Blitz"]
[Site "Chess.com"]
[Date "2020.09.29"]
[Round "9"]
[White "boasovietica"]
[Black "DrMamaliga"]
[Result "0-1"]
[WhiteElo "2414"]
[BlackElo "2321"]
[TimeControl "180+1"]
[EndTime "11:44:43 PDT"]
[Termination "DrMamaliga won by resignation"]

1. e4 d6 2. d4 Nf6 3. f3 c5 4.
Ne2 e6 5. Be3 d5 6. dxc5 Nbd7 7. b4 dxe4 8. Nbc3 exf3 9. Nd4 fxg2 10. Bxg2 Ne5 11. O-O Neg4 12. Bf4 e5 13. Re1 Be7 14.
Bxe5 Nxe5 15. Rxe5 O-O 16. Nf5 Bxf5 17. Rxf5 Qc7 18.
Qf3 a5 19. Rf1 axb4 20. Nd5 Qxc5+ 21. Kh1 Nxd5 22. Qxd5 Qxd5 23. Bxd5 Bf6 24. Bb3 Rad8 25.
Rb5 Rd7 26. Rxb4 Re8 27. Kg2 Re2+ 28. Rf2 Rxf2+ 29. Kxf2 g6 30. Kf3 Kg7 31. a4 h5 32.
Rb5 Bd4 33. a5 Ba7 34. Bd5 Bb8 35. Bxb7 Bxh2 36. a6 Bg1 37. c4 h4 38. c5 h3 39. a7 h2 40. Kg2 Rd2+ 41. Kg3 Rc2 42. a8=Q Bxc5 43. Qe8 Bd6+ 44. Kg4 Rc4+ 45. Kh3 Rc3+ 46.
Kg2 Rc2+ 47. Kf1 Rc1+ 48. Ke2 Rc2+ 49. Kd3 Rc7 50. Rd5 h1=Q 51. Rxd6 Qd1+ 52. Ke4 Qe1+ 53. Kd5 Qxe8 0-1

[Event "*** SCC Grand Prix: Titled Tuesday Blitz"]
[Site "Chess.com"]
[Date "2020.09.29"]
[Round "9"]
[White "Smirnov_Pavel"]
[Black "IANOV0007"]
[Result "0-1"]
[WhiteElo "2669"]
[BlackElo "2504"]
[TimeControl "180+1"]
[EndTime "11:44:44 PDT"]
[Termination "IANOV0007 won by resignation"]

1. e4 d6 2. d4 Nf6 3. Nc3 c6 4. f4 Qb6 5. e5 Nd5 6. Nxd5 cxd5 7. Nf3 Bf5 8. Bd3 Bxd3 9. Qxd3 Nc6 10. O-O e6 11. c3 g6 12. Kh1 Be7 13. exd6 Bxd6 14.
Ne5 Qc7 15. Bd2 O-O-O 16. Rac1 f6 17. Ng4 Rhf8 18. c4 dxc4 19. Rxc4 Kb8 20. Rfc1 Qd7 21. Qf3 Ne7 22. Nf2 Nd5 23. Ne4 Be7 24. Nc5 Bxc5 25.
dxc5 Qc6 26. Qe2 Rfe8 27. Re4 Nc7 28. Bc3 Rf8 29. Re1 Rf7 30. h3 Qxc5 31. Bb4 Qd5 32.
Bc3 Qxa2 33. Rd1 Rd5 34. Red4 a6 35. Rxd5 exd5 36. Bd4 Qc4 37. Qe3 Qc2 38. Rc1 Qe4 39. Qf2 Nb5 40. Bb6 Re7 41. Qc5 Re8 42. Rd1 d4 43.
Qc4 Qxf4 44. Rf1 Qe5 45. Qf7 Qe7 46. Qxe7 Rxe7 47. Rxf6 Kc8 48. Rf8+ Kd7 49. Rd8+ Kc6 50. Bxd4 Nxd4 51. Rxd4 Re2 52. b4 Kb5 53. Rd7 b6 54.
Rxh7 Kxb4 55. Rh6 Re6 56. h4 b5 57. h5 Re1+ 58. Kh2 gxh5 59. Rxa6 Kb3 60. Rh6 Re5 61.
Kg3 b4 62. Kf4 Rb5 63. Ke3 Kb2 64. Kd3 b3 65. Kc4 Rg5 66. Rb6 Rg4+ 0-1

[Event "*** SCC Grand Prix: Titled Tuesday Blitz"]
[Site "Chess.com"]
[Date "2020.09.29"]
[Round "9"]
[White "Grieve72"]
[Black "Maghalashvili"]
[Result "0-1"]
[WhiteElo "2483"]
[BlackElo "2703"]
[TimeControl "180+1"]
[EndTime "11:44:45 PDT"]
[Termination "Maghalashvili won by resignation"]

1. e4 c5 2. Nf3 d6 3. d4 cxd4 4. Nxd4 Nf6 5. Nc3 a6 6. f3 e5 7. Nb3 Be6 8. Be3 h5 9. Nd5 Nbd7 10. c4 g6 11. Qd2 Bg7 12. Be2 h4 13. Rd1 Bxd5 14.
cxd5 Nh5 15. Na5 Nf4 16. Bf1 Rb8 17. Rc1 h3 18. g3 Ng2+ 19. Bxg2 hxg2 20. Rg1 Rxh2 21.
Nc4 Qf6 22. Ke2 g5 23. Bxg5 Qg6 24. Bh4 Bh6 25. Qb4 Nc5 26. Nxe5 Qg7 27. Ng4 Bxc1 28.
Bf6 Qg6 29. Nxh2 Qxf6 30. Rxc1 Qh6 31. Rg1 Qxh2 32. Qd4 Kd7 33. Kf2 Rg8 34. Rxg2 Qh6 35. f4 Qh5 36. e5 Qf5 37. exd6 Ne4+ 38. Kg1 Nxd6 39. Re2 Rxg3+ 40. Kf2 Qg4 41. Qe5 Rg2+ 42. Kf1 Qf3+ 43. Ke1 Rxe2+ 44. Qxe2 Qxe2+ 45. Kxe2 Nf5 46. Kf3 Kd6 47. Ke4 Ne7 48. b4 Nxd5 49. a3 Nc3+ 50. Kf5 Nb5 51. a4 Nc3 52. a5 Nd5 0-1

[Event "*** SCC Grand Prix: Titled Tuesday Blitz"]
[Site "Chess.com"]
[Date "2020.09.29"]
[Round "9"]
[White "Sven_Tica"]
[Black "SharapovEvgeny"]
[Result "1-0"]
[WhiteElo "2650"]
[BlackElo "2477"]
[TimeControl "180+1"]
[EndTime "11:44:45 PDT"]
[Termination "Sven_Tica won by resignation"]

1. d4 d5 2. c4 c6 3. Nf3 Nf6 4. Qc2 g6 5. e3 Bf5 6. Bd3 Bxd3 7. Qxd3 Bg7 8. O-O O-O 9. Nbd2 e6 10. b3 Nbd7 11.
Bb2 a6 12. e4 dxe4 13. Nxe4 Nxe4 14. Qxe4 Qc7 15. Rfd1 Rfe8 16. Rac1 Rad8 17. Ne5 Nxe5 18. dxe5 Rxd1+ 19. Rxd1 Rd8 20. Rxd8+ Qxd8 21. Qd4 Qxd4 22.
Bxd4 Kf8 23. g4 Ke8 24. Kg2 Kd7 25. Kf3 b5 26. Ke4 Bf8 27. f4 Be7 28. Bb6 Bf8 29. Kd4 Be7 30. Bc5 Bd8 31. a4 bxa4 32. bxa4 Bc7 33.
Ke4 Bd8 34. Bd6 Bh4 35. Bc5 Be1 36. Kd3 Kc8 37. Be7 Kd7 38. Bf6 Kc8 39. h4 h5 40.
gxh5 gxh5 41. Ke4 Kc7 42. f5 Kb6 43. Bd8+ Kc5 44. fxe6 fxe6 45. Kd3 Kb4 46. a5 Ka4 47. Kd4 Bb4 48. Bb6 Kb3 49. Kd3 Be7 50. Bf2 Bd8 51. Be1 c5 52. Bf2 Bxa5 53. Bxc5 Bb4 54. Bb6 a5 55. c5 a4 56. c6 a3 57. c7 a2 58.
Bd4 1-0

[Event "*** SCC Grand Prix: Titled Tuesday Blitz"]
[Site "Chess.com"]
[Date "2020.09.29"]
[Round "9"]
[White "chessdjw"]
[Black "venus02"]
[Result "0-1"]
[WhiteElo "2621"]
[BlackElo "2495"]
[TimeControl "180+1"]
[EndTime "11:44:47 PDT"]
[Termination "venus02 won by checkmate"]

1. c4 c6 2. Nf3 d5 3. e3 Nf6 4. Nc3 e6 5. b3 Be7 6. Bb2 O-O 7. d4 b6 8. Bd3 Bb7 9. O-O Nbd7 10. Qe2 c5 11.
cxd5 exd5 12. Rfd1 Rc8 13. Bf5 c4 14. Ne5 Bd6 15. bxc4 dxc4 16. Nxd7 Nxd7 17. Qg4 Nf6 18. Qh3 Ra8 19. Bc2 Qc8 20. Bf5 Qe8 21. e4 g6 22.
e5 gxf5 23. Qxf5 Qe6 24. Qxf6 Qxf6 25. exf6 a6 26. a4 Rfe8 27. f3 Bc6 28. d5 Bd7 29.
Ne4 Bf4 30. Kf2 b5 31. g3 Bc7 32. d6 Bb6+ 33. Bd4 Bxd4+ 34. Rxd4 Rec8 35. axb5 Bxb5 36. d7 Rd8 37. Rad1 Ra7 38. Nc5 Rc7 39. Rg4+ Kh8 40.
Ne4 Rcxd7 41. Rxd7 Rxd7 42. Ng5 c3 43. Re4 Rc7 44.
Rd4 Rc8 45. Nxf7+ Kg8 46. Nd6 c2 47. f7+ Kf8 48. Rg4 c1=Q 49. Rg8+ Ke7 50. Rxc8 Qd2+ 51. Kg1 Qe1+ 52. Kg2 Qf1# 0-1

[Event "*** SCC Grand Prix: Titled Tuesday Blitz"]
[Site "Chess.com"]
[Date "2020.09.29"]
[Round "9"]
[White "zmeeed67"]
[Black "UCantHandleDenker"]
[Result "0-1"]
[WhiteElo "2376"]
[BlackElo "2559"]
[TimeControl "180+1"]
[EndTime "11:44:47 PDT"]
[Termination "UCantHandleDenker won on time"]

1. e4 d6 2. d4 Nf6 3. Nc3 g6 4.
Nf3 Bg7 5. Be3 O-O 6. Qd2 c6 7. Bh6 b5 8. Bxg7 Kxg7 9. Bd3 Nbd7 10. O-O-O e5 11. h3 Qe7 12. Rde1 a6 13. g4 c5 14. d5 c4 15. Be2 Nc5 16. Bd1 b4 17. Nb1 c3 18. bxc3 Nfxe4 19. Qe3 bxc3 20. Nxc3 Nxc3 21. Qxc3 Bd7 22. g5 Rfc8 23. h4 Bg4 24. Nd4 Bxd1 25. Kxd1 Ne4 26. Qf3 Nc3+ 27. Kd2 Qd7 28. Nc6 Nxd5 29.
Qxd5 Qxc6 30. Qxc6 Rxc6 31. h5 gxh5 32. Rxh5 Rac8 33.
Rc1 Rc4 34. Rh3 Rd4+ 35. Ke2 Rdc4 36. Kd2 Rf4 37. Ke2 Rcc4 38. c3 d5 39. Rb1 Rce4+ 40. Kf1 Rf5 41. Rb6 Ref4 42. Rh2 Rxg5 43. Rxa6 e4 44. Ke2 Rf3 45. Rc6 Rg1 46. Rc5 Rd3 47. a4 Ra1 48. a5 Ra2+ 49. Kf1 Rdd2 50. Rg2+ Kf6 51. Kg1 Rd1+ 52. Kh2 Raa1 53. Rc6+ Ke5 54. a6 f5 55. Rg7 Kf4 0-1

[Event "*** SCC Grand Prix: Titled Tuesday Blitz"]
[Site "Chess.com"]
[Date "2020.09.29"]
[Round "9"]
[White "dominikaf"]
[Black "KarstenHansch"]
[Result "0-1"]
[WhiteElo "2286"]
[BlackElo "2449"]
[TimeControl "180+1"]
[EndTime "11:44:47 PDT"]
[Termination "KarstenHansch won by resignation"]

1. d4 d5 2. Bf4 Nf6 3. e3 e6 4. Nd2 Bd6 5. Bg3 O-O 6. Ngf3 b6 7. Bd3 Ba6 8. Bxa6 Nxa6 9. c3 c5 10. Ne5 Nb8 11. O-O Qc7 12. f4 Nc6 13. Qf3 Ne7 14. Bh4 Nd7 15. g4 f6 16. Nxd7 Qxd7 17. e4 e5 18.
dxe5 fxe5 19. f5 d4 20. Rad1 Ng6 21. Bg3 Nh8 22. Nc4 Nf7 23. h4 b5 24. Nxd6 Qxd6 25. g5 g6 26. Qg4 Qe7 27. fxg6 hxg6 28. Rf6 Kg7 29. h5 Nh8 30. Rdf1 Rae8 31. Qh4 Kg8 32.
hxg6 dxc3 33. bxc3 Qg7 34. Qh5 Rxf6 35. Rxf6 b4 36. Rf7 Nxf7 37. gxf7+ Qxf7 38. g6 Qg7 39. Kg2 bxc3 40. Qd1 Qxg6 41. Qd5+ Qe6 42. Qxc5 Rc8 43. Qe3 c2 44. Qc1 Qc4 45. Kh3 Qe6+ 46. Kg2 Qg6 47.
Kh3 Kh7 48. Kg2 Qxe4+ 49. Kh3 Qf5+ 50. Kg2 Qe4+ 51. Kh3 Rc3 52. Kh2 Rxg3 53. Kxg3 Qf4+ 54. Qxf4 exf4+ 55. Kxf4 c1=Q+ 0-1

[Event "*** SCC Grand Prix: Titled Tuesday Blitz"]
[Site "Chess.com"]
[Date "2020.09.29"]
[Round "9"]
[White "Reader777"]
[Black "Sychev_Klementy"]
[Result "0-1"]
[WhiteElo "2658"]
[BlackElo "2882"]
[TimeControl "180+1"]
[EndTime "11:44:49 PDT"]
[Termination "Sychev_Klementy won by resignation"]

1. d4 Nf6 2. c4 g6 3. Nc3 Bg7 4. e4 d6 5. f4 O-O 6. Nf3 c5 7. d5 e6 8. Be2 exd5 9. cxd5 Nbd7 10. O-O Re8 11. Nd2 c4 12. e5 dxe5 13. Nxc4 exf4 14.
Bxf4 Nb6 15. Nd6 Re7 16. a4 a6 17. a5 Nbd7 18. Nxc8 Rxc8 19. d6 Re8 20. Bf3 Rc5 21. Re1 Rxa5 22. Rxe8+ Nxe8 23. Rxa5 Qxa5 24. Nd5 Be5 25.
Qe2 Qc5+ 26. Kf1 Qxd6 27. g3 Kg7 28. Be3 b5 29. Qc2 Nef6 30. Nf4 Bd4 31. Bd2 Ne5 32. Be2 Qd7 33. Kg2 Qb7+ 34. Kh3 g5 35. Nh5+ Nxh5 36. Bxh5 Qd7+ 37. Kg2 g4 38. Qe4 Qc6 39. Qxc6 Nxc6 40. b4 f5 41. Be8 Ne5 42. h3 Kf8 43. Bh5 Nc4 44. Bh6+ Bg7 45. hxg4 Bxh6 46. gxf5 Bd2 47. Bf3 Bxb4 48. Bb7 a5 49. Bc6 Nd6 50. Kf3 a4 51.
Kf4 a3 52. Bd5 Nc4 0-1

[Event "*** SCC Grand Prix: Titled Tuesday Blitz"]
[Site "Chess.com"]
[Date "2020.09.29"]
[Round "9"]
[White "Misticpikachu"]
[Black "vaishali2001"]
[Result "0-1"]
[WhiteElo "2305"]
[BlackElo "2474"]
[TimeControl "180+1"]
[EndTime "11:44:52 PDT"]
[Termination "vaishali2001 won by checkmate"]

1. c4 e5 2. Nc3 Nf6 3. Nf3 Nc6 4. e4 Bb4 5. d3 d6 6. a3 Ba5 7. Be3 Bb6 8. Bxb6 axb6 9. Be2 Bg4 10. O-O O-O 11. Nh4 Bxe2 12. Qxe2 Nd4 13. Qd1 Nxe4 14.
dxe4 Qxh4 15. g3 Qh6 16. Kg2 f5 17. exf5 Rxf5 18. f4 Raf8 19. Qd3 Rh5 20. h4 Nf5 21. Nd5 c6 22. Ne3 exf4 23. Rxf4 Nxe3+ 24. Qxe3 Rxf4 25. gxf4 Qg6+ 26. Kh3 Qf5+ 27. Kg3 Qg6+ 28. Kh3 Rf5 29.
Rg1 Qf7 30. Rg4 h6 31. b3 Kh7 32. Qe4 d5 33. cxd5 Qxd5 34. Qe7 Qh1+ 35. Kg3 Qg1+ 36.
Kf3 Qf1+ 37. Kg3 Qg1+ 38. Kh3 Qf1+ 39. Kg3 Qd3+ 40. Kh2 Qd2+ 41. Rg2 Qxf4+ 42. Kg1 Qd4+ 43. Kh1 Qa1+ 44. Kh2 Qd4 45. Kh1 Rf4 46. h5 Rh4+ 47.
Rh2 Qd1+ 48. Kg2 Qd2+ 49. Kg3 Qxh2+ 50. Kf3 Rf4+ 51. Ke3 Qf2+ 52. Kd3 Rd4+ 53. Kc3 Qd2# 0-1

[Event "*** SCC Grand Prix: Titled Tuesday Blitz"]
[Site "Chess.com"]
[Date "2020.09.29"]
[Round "9"]
[White "anon569"]
[Black "Manukyan_Artak"]
[Result "1-0"]
[WhiteElo "2254"]
[BlackElo "2366"]
[TimeControl "180+1"]
[EndTime "11:44:53 PDT"]
[Termination "anon569 won on time"]

1. e4 c6 2. d4 d5 3. Nd2 dxe4 4. Nxe4 Nf6 5. Nxf6+ exf6 6. Be3 Bd6 7. Qd2 O-O 8.
Be2 Re8 9. g4 a5 10. h4 a4 11.
Nh3 a3 12. b3 Qa5 13. Qxa5 Rxa5 14. Kd2 b5 15. c3 b4 16. c4 c5 17. d5 Nd7 18. Nf4 Be5 19. Rad1 Bc3+ 20. Kc2 Ne5 21. Rhg1 f5 22. g5 Ng4 23. d6 Nxe3+ 24. fxe3 Bb7 25. d7 Rd8 26. Nd5 Kf8 27. Nxc3 bxc3 28. Kxc3 Ke7 29. Rd2 Rxd7 30. Rgd1 Rxd2 31. Rxd2 Ra6 32. Bd3 Re6 33. Re2 g6 34. b4 cxb4+ 35. Kxb4 Be4 36. Rd2 Bxd3 37.
Rxd3 Re4 38. Rc3 Rxh4 39. Kb5 h5 40. c5 Kd7 41. Rxa3 Rh1 42. Ra7+ Ke6 43. c6 Rb1+ 44. Kc5 Rc1+ 45. Kb6 h4 46. Ra8 h3 47. Re8+ Kd6 48. Rd8+ Ke7 49. c7 h2 50. Rh8 1-0

[Event "*** SCC Grand Prix: Titled Tuesday Blitz"]
[Site "Chess.com"]
[Date "2020.09.29"]
[Round "9"]
[White "djano"]
[Black "CrazyMartian"]
[Result "1/2-1/2"]
[WhiteElo "2449"]
[BlackElo "2336"]
[TimeControl "180+1"]
[EndTime "11:44:54 PDT"]
[Termination "Game drawn by agreement"]

1. d4 d5 2. Nf3 Nf6 3. Bf4 c5 4. e3 Nc6 5. Nbd2 Bf5 6. dxc5 e6 7. Nd4 Bxc5 8. Nxf5 exf5 9. Bd3 g6 10. O-O Bd6 11.
Bxd6 Qxd6 12. Nf3 O-O 13. a3 Rfd8 14. Rc1 d4 15. Nxd4 Nxd4 16. exd4 Qxd4 17. Qf3 Qd5 18. Qxd5 Rxd5 19. Rfe1 Kf8 20. f3 Rad8 21. Kf2 a5 22. a4 Rd4 23. b3 b6 24. Re5 R4d5 25. Rce1 Rxe5 26. Rxe5 Nd5 27. Bc4 Nb4 28. Re2 Rd1 29.
Ke3 Rg1 30. Rd2 Nc6 31. h4 Rh1 32. Rd6 Ne5 33. Rxb6 Nxc4+ 34. bxc4 Rxh4 35. Kd3 Ke7 36. Rb5 Rh2 37. Rxa5 Rxg2 38. Ra7+ Kd6 39. Rxf7 h5 40. a5 Rg1 41. a6 Kc5 42. a7 Ra1 43. Rg7 h4 44.
Rxg6 Rxa7 45. Rh6 Kb4 46. Rxh4 Ra3+ 47. Kd2 Rxf3 48. Kc1 Rc3 49. Kb2 Rxc4 50. Rh5 Rc5 51. Rh4+ Kb5 52. Rf4 Re5 53. Kb3 Kc5 54. c3 Kd5 1/2-1/2

[Event "*** SCC Grand Prix: Titled Tuesday Blitz"]
[Site "Chess.com"]
[Date "2020.09.29"]
[Round "9"]
[White "ajdemipopushi"]
[Black "mortngabriel"]
[Result "1-0"]
[WhiteElo "2364"]
[BlackElo "2447"]
[TimeControl "180+1"]
[EndTime "11:44:58 PDT"]
[Termination "ajdemipopushi won by resignation"]

1. Nf3 f5 2. g3 d6 3. d4 Nf6 4.
Bg2 g6 5. c4 Bg7 6. O-O O-O 7. d5 c6 8. Nc3 Qc7 9. Nd4 a6 10. Bf4 c5 11. Ne6 Bxe6 12. dxe6 Nc6 13. Rc1 Rab8 14. Re1 Qc8 15. e4 Qxe6 16. Bh3 Nd4 17.
exf5 Qxe1+ 18. Qxe1 Nf3+ 19. Kg2 Nxe1+ 20. Rxe1 gxf5 21.
Rxe7 Ne4 22. Nxe4 fxe4 23. Bxd6 Rbd8 24. Bxc5 Bxb2 25. Rxb7 Bd4 26. Be6+ Kh8 27. Bxf8 Rxf8 28. Rf7 Rxf7 29. Bxf7 Kg7 30. Bd5 e3 31. fxe3 Bxe3 32.
Kf3 Bg1 33. h4 Kf6 34. g4 h6 35. Kf4 Bh2+ 36. Ke4 Bg3 37. Bb7 a5 38. Kd5 Bxh4 39. c5 Ke7 40. Kc6 Bf2 41. Kb5 a4 42. c6 Kd6 43.
Kxa4 Bg3 44. Kb5 Kc7 45. a4 Bf2 46. a5 Be3 47. a6 Ba7 48. Kc4 Kd6 49. Kd3 Bb6 50.
Ke4 Ba7 51. Kf5 Bb6 52. Kg6 Be3 53. a7 Bxa7 54. Kxh6 Ke7 55. g5 Kd8 56. Kh7 Be3 57. g6 Bd4 58. g7 Bxg7 59. Kxg7 1-0

[Event "*** SCC Grand Prix: Titled Tuesday Blitz"]
[Site "Chess.com"]
[Date "2020.09.29"]
[Round "9"]
[White "Sethu0025"]
[Black "maximnovik"]
[Result "1/2-1/2"]
[WhiteElo "2755"]
[BlackElo "2540"]
[TimeControl "180+1"]
[EndTime "11:45:02 PDT"]
[Termination "Game drawn by repetition"]

1. d4 Nf6 2. c4 g6 3. Nc3 d5 4. cxd5 Nxd5 5. e4 Nxc3 6. bxc3 c5 7. Be3 Bg7 8. Nf3 Qa5 9. Qd2 Nc6 10. Rb1 a6 11. Rc1 cxd4 12. cxd4 Qxd2+ 13. Kxd2 e6 14. Bd3 O-O 15. e5 Bd7 16. h4 Rfc8 17. h5 Nb4 18.
Bb1 Rxc1 19. Rxc1 Bc6 20. Bg5 h6 21. Be7 Nd5 22. Bd6 g5 23. Be4 Bf8 24. Bxd5 Bxd5 25. Rc7 Bxa2 26. Rxb7 Bd5 27. Rb1 a5 28. Ra1 a4 29.
Ra3 Bb3 30. Ke3 Bxd6 31. exd6 Rd8 32. Nd2 Bd1 33. Ne4 Kg7 34. Nc3 Bb3 35. Nxa4 Bxa4 36. Rxa4 Rxd6 37. g4 Rb6 38. Ra3 Rb1 39. f3 Rd1 40.
Ra7 Kf6 41. Ra6 Re1+ 42. Kd3 Rb1 43. Ra3 Kg7 44. Ke3 Rh1 45. Rd3 f5 46. gxf5 exf5 47. d5 Kf7 48. Kd4 Rxh5 49. Ke5 f4 50. d6 Ke8 51.
Ra3 Rh1 52. Ra8+ Kd7 53. Ra7+ Kd8 54. Rh7 Re1+ 55. Kf5 Rh1 56. Ke6 Re1+ 57. Kf5 Rh1 58. Ke5 Re1+ 59. Kd5 Rd1+ 60. Kc5 Rd3 61. Rh8+ Kd7 62.
Rh7+ Kd8 63. Rh8+ Kd7 64. Rh7+ Kd8 1/2-1/2